 Dungeon Crawl Stone Soup version 0.28-a0-819-g6ef7baa362 (webtiles) character file.

Game seed: 14599090108063182437

519 Zenkrye the Twirler (level 7, -1/52 HPs)
             Began as a Formicid Fighter on Nov 8, 2021.
             Succumbed to a gnoll sergeant's poison
             ... on level 4 of the Dungeon.
             The game lasted 00:08:59 (4339 turns).

Zenkrye the Twirler (Formicid Fighter)              Turns: 4339, Time: 00:09:00

Health: -1/52      AC: 11    Str: 22    XL:     7   Next: 45%
Magic:  7/7        EV:  6    Int:  8    God:
Gold:   181        SH:  5    Dex: 10    Spells: 6/6 levels left

rFire   . . .      SeeInvis +   a - +1 quarterstaff
rCold   . . .      Faith    .   c - +1 buckler
rNeg    . . .      Spirit   .   e - +0 plate armour
rPois   .          Reflect  .   (helmet unavailable)
rElec   .          Harm     .   (no cloak)
rCorr   .          Rampage  .   (no gloves)
Will    .....                   (no boots)
Stlth   ..........              (no amulet)
HPRegen 0.17/turn               (no ring)
MPRegen 0.10/turn               (no ring)

@: mighty, lethally poisoned (-1 -> -14)
A: permanent stasis, dig shafts and tunnels, antennae 3, four strong arms
a: Dig, Shaft Self


You were on level 4 of the Dungeon.
You visited 1 branch of the dungeon, and saw 4 of its levels.

You collected 181 gold pieces.

Inventory:

Hand Weapons
 a - a +1 quarterstaff (weapon)
Missiles
 f - 51 poisoned darts (quivered)
 o - 2 atropa-tipped darts
Armour
 b - a +0 scale mail
 c - a +1 buckler (worn)
 e - a +0 plate armour (worn)
 n - a +0 chain mail
Scrolls
 j - a scroll of torment {unknown}
 l - a scroll of magic mapping
Potions
 g - 2 potions of haste {unknown}
 h - 2 potions of resistance {@q6}
 i - a potion of heal wounds {unknown}
 k - a potion of ambrosia
 p - a potion of lignification


   Skills:
 - Level 3.2 Fighting
 + Level 7.7 Staves
 - Level 3.2 Armour
 - Level 3.6 Shields


You had 6 spell levels left.
You didn't know any spells.
Your spell library was empty.

Dungeon Overview and Level Annotations

Branches:
Dungeon (4/15)
 Temple: D:4-7

Altars:
Nemelex Xobeh
Okawaru

Annotations:
D:4 1 runed translucent door, Crazy Yiuf


Innate Abilities, Weirdness & Mutations

You cannot be hasted, slowed, berserked, paralysed or teleported.
You can dig through walls and to a lower floor.
You have a pair of large antennae on your head. (SInv)
Your four strong arms can wield two-handed weapons with a shield.


Message History

You throw a poisoned dart.
The poisoned dart barely misses the gnoll sergeant.
The gnoll sergeant is no longer blind.
The gnoll sergeant hits you from afar with a +2 spear of venom!
The gnoll hits you but does no damage.
You aren't carrying any items that you can evoke.
Unknown command.
Unknown command.
You feel very mighty all of a sudden. You block the gnoll sergeant's attack.
The gnoll hits you but does no damage. The gnoll sergeant closely misses you.
The gnoll barely misses you.
You hit the gnoll sergeant.
The gnoll sergeant is lightly wounded.
The gnoll closely misses you.
The gnoll sergeant hits you with a +2 spear of venom!
You are poisoned.
You block the gnoll's attack.
You thump the gnoll sergeant!
The gnoll sergeant is severely wounded.
You feel very sick. The gnoll hits you but does no damage.
The gnoll sergeant hits you with a +2 spear of venom!
You are lethally poisoned!
You sock the gnoll sergeant!
You kill the gnoll sergeant!
You feel very sick.
The gnoll hits you from afar with a +0 spear.
* * * LOW HITPOINT WARNING * * *
The gnoll hits you but does no damage. x2
You barely miss the gnoll.
* * * LOW HITPOINT WARNING * * *
You feel very sick.
The gnoll hits you from afar with a +0 spear.
* * * LOW HITPOINT WARNING * * *
The gnoll hits you but does no damage. The gnoll hits you with a +0 club.
* * * LOW HITPOINT WARNING * * *
Okay, then.
Unknown command.
Are you sure you want to shaft yourself?
You die...

..#≈≈# ##### ..'g{.
#.... #≈≈.####....
######≈.........
##≈≈≈##≈.g)..(...
≈≈≈≈≈≈≈##.......
#.####..#{.g....
####g####..#{.{....
#.@)gg(....#.#.....
#.g###.(......#.....
#......#####........
#..##### ..#####....
#..' _.....'....
##.### .#####....
#.....#####........
### #.........##.##
#.........##...


You could see 4 gnolls.

Vanquished Creatures
  A black bear (D:4)
  An ogre (D:4)
  A phantom (D:4)
  A gnoll sergeant (D:4)
  A scorpion (D:4)
  An iguana (D:4)
  4 gnolls
  2 adders
  An adder skeleton (D:4)
  A dart slug (D:1)
  An orc (D:3)
  3 bats
  7 endoplasms
  2 giant cockroaches
  6 goblins
  8 hobgoblins
  9 jackals
  4 quokkas
  4 ball pythons
  3 frilled lizards
  7 kobolds
  6 rats
74 creatures vanquished.

Notes
Turn   | Place    | Note
-------+----------+-------------------------------------------
     0 | D:1      | Zenkrye the Formicid Fighter began the quest for the Orb.
     0 | D:1      | Reached XP level 1. HP: 18/18 MP: 1/1
   160 | D:1      | Reached XP level 2. HP: 17/24 MP: 2/2
   168 | D:1      | Reached skill level 3 in Staves
   314 | D:1      | Reached XP level 3. HP: 29/29 MP: 3/3
   640 | D:1      | Found a faded altar of an unknown god.
  1458 | D:2      | Reached skill level 4 in Staves
  1458 | D:2      | Reached XP level 4. HP: 35/35 MP: 4/4
  1772 | D:2      | Noticed a scorpion
  1804 | D:2      | You fall into a shaft and drop 1 floor!
  3032 | D:3      | Found a sparkling altar of Nemelex Xobeh.
  3324 | D:4      | Noticed a black bear
  3347 | D:4      | Killed a black bear
  3348 | D:4      | Reached skill level 5 in Staves
  3348 | D:4      | Reached XP level 5. HP: 38/41 MP: 5/5
  3379 | D:4      | Reached XP level 6. HP: 47/47 MP: 6/6
  3496 | D:4      | Reached skill level 6 in Staves
  3640 | D:4      | Noticed an ogre
  3661 | D:4      | Killed an ogre
  3662 | D:4      | Reached skill level 7 in Staves
  3662 | D:4      | Reached XP level 7. HP: 11/52 MP: 7/7
  4136 | D:4      | Found a runed translucent door.
  4137 | D:4      | Noticed Crazy Yiuf
  4245 | D:4      | Found an iron altar of Okawaru.
  4338 | D:4      | HP: 2/52 [gnoll (5)]
  4339 | D:4      | Succumbed to a gnoll sergeant's poison

Illustrated notes

Levels and vault maps discovered:
D:1:      elethiomel_arrival_infinity_welcomes_careful_drivers, layout_basic,
          hellmonk_ecumenical_altar_slurped_away, minmay_split_cup_small
D:2:      layout_basic
D:3:      layout_basic, nemelex_spade_bored_becter
D:4:      layout_basic, mainiacjoe_overflow_surrounded_room, lightli_minifort,
          uniq_crazy_yiuf_cottage

Skill      XL: |  1  2  3  4  5  6 |
---------------+-------------------+-----
Staves         | 3 4 5 7 |  7.7
Fighting       | |  3.2
Armour         | |  3.2
Shields        | |  3.6

Action                   |  1- 3 |  4- 6 |  7- 9 || total
-------------------------+-------+-------+-------++-------
Melee: Quarterstaff      |    77 |    85 |    19 ||   181
Throw: Dart              |    23 |    46 |     5 ||    74
 Abil: Shaft Self        |       |     1 |     1 ||     2
       Dig               |       |     1 |       ||     1
  Use: Scroll            |     5 |     7 |       ||    12
       Potion            |       |     1 |     1 ||     2
Armor: Scale mail        |    25 |     3 |       ||    28
       Chain mail        |       |    13 |       ||    13
       Plate armour      |       |    13 |     7 ||    20
Dodge: Dodged            |    29 |    27 |     7 ||    63
Block: Buckler           |    13 |    19 |     7 ||    39

Table legend: (Time is in decaauts)
 A = Elapsed time spent in this place.
 B = Non-inter-level travel time spent in this place.
 C = Inter-level travel time spent in this place.
 D = Time resting spent in this place.
 E = Time spent auto-exploring this place.
 F = Levels seen in this place.
 G = Mean time per level.
                   A        B        C        D        E       F      G
               +--------+--------+--------+--------+--------+-----+--------+
         Total |   4354 |   4303 |     51 |      0 |   3609 |   4 | 1088.5 |
       Dungeon |   4354 |   4303 |     51 |      0 |   3609 |   4 | 1088.5 |
               +--------+--------+--------+--------+--------+-----+--------+

Top non-repeatable levels by time:
     D:1: 1200 daAuts
     D:2: 1103 daAuts
     D:4: 1063 daAuts
     D:3: 987 daAuts
